Cogmind - Beta 11 X7 @@@ ROGUE MODE // 2021.09.23 @ 22:07:16 Player: aperiodic Result: Destroyed by 8R-AWN with 8R-AWN's Boregun Performance ------------- Evolutions (0) 0 Regions Visited (3) 600 Robots Destroyed (15) 75 Value Destroyed (106) 106 Prototype IDs (28) 560 Alien Tech Used (0) 0 Bonus (364) 364 TOTAL SCORE: 1705 Bonus ------- Follower Combat Kills 64 Aligned with FarCom 300 Cogmind --------- Core Integrity 0/250 Matter 235/300 Energy 100/100 System Corruption 1% Temperature Cool (0) Movement Rolling (230) Ox10 Location -10/Exiles Parts ------- > --- POWER (1) -------- (None) > --- PROPULSION (2) --- Wheel Wheel > --- UTILITY (2) ------ Humpback > --- WEAPON (2) ------- Light Assault Rifle > --- INVENTORY (35) --- Wheel Wheel Large Storage Unit Humpback Humpback Medium Battery (150) Light Armor Plating Grenade Launcher Grenade Launcher Mining Laser Peak State ------------ > --- POWER ------------ Ion Engine > --- PROPULSION ------- Wheel Wheel > --- UTILITY ---------- Large Storage Unit Light Armor Plating > --- WEAPON ----------- Assault Rifle Mining Laser > --- INVENTORY -------- Ion Engine Light Treads Light Treads Wheel Wheel High-capacity Matter Pod Medium Laser AWS/Thermal Light Assault Rifle Light Assault Rifle Light Assault Rifle Grenade Launcher Grenade Launcher Signal Generator [Rating: 10] Favorites ----------- Power Ion Engine Engine Ion Engine Propulsion Wheel Treads Light Treads Wheel Wheel Utility Light Armor Plating Storage Large Storage Unit Protection Light Armor Plating Weapon Assault Rifle Ballistic Gun Assault Rifle Launcher Grenade Launcher Special Weapon Mining Laser Build | -11 -10 -10 -10 ------- Run | Scr Mat Min Exi Slots Evolved . | . . . . Power . | . . . . Propulsion . | . . . . Utility . | . . . . Weapon . | . . . . Parts Attached 36 | 6 14 5 11 Power 2 | 1 . . 1 Engine 2 | 1 . . 1 Core . | . . . . Reactor . | . . . . Propulsion 16 | 2 8 2 4 Treads 7 | . 4 1 2 Leg . | . . . . Wheel 9 | 2 4 1 2 Hover . | . . . . Flight . | . . . . Utility 4 | 1 2 . 1 Device . | . . . . Storage 3 | 1 1 . 1 Processor . | . . . . Hackware . | . . . . Protection 1 | . 1 . . Artifact . | . . . . Weapon 14 | 2 4 3 5 Energy Gun . | . . . . Energy Cannon . | . . . . Ballistic Gun 9 | 2 2 1 4 Ballistic Cannon . | . . . . Launcher 1 | . . . 1 Special Weapon 4 | . 2 2 . Impact Weapon . | . . . . Slashing Weapon . | . . . . Piercing Weapon . | . . . . Special Melee Weapon . | . . . . Unidentified Prototypes . | . . . . Parts Lost 7 | . . . 7 Power 2 | . . . 2 Propulsion 2 | . . . 2 Utility . | . . . . Weapon 3 | . . . 3 Highest Loss Streak 7 | . . . 7 Average Slot Usage (%) 94 | . 98 100 89 Engine 13 | . 14 14 13 Treads 2 | . 5 . 2 Wheel 25 | . 22 27 25 Storage 14 | . 14 14 14 Protection 9 | . 12 14 5 Ballistic Gun 23 | . 25 24 21 Special Weapon 4 | . 2 3 6 Naked Turns . | . . . . Heaviest Build 208 | 13 31 31 208 Greatest Support 40 | 20 40 20 20 Greatest Overweight (x) 10 | 1 1 1 10 Average Overweight (x) 1 | . . 1 4 Largest Inventory Capacity 35 | 8 15 15 35 Average Capacity 19 | 7 11 15 27 Most Carried 20 | 6 11 13 20 Average Carried 12 | 3 7 12 15 Final Capacity 35 | 8 15 15 35 Final Carried 13 | 6 11 13 12 Class Distribution -------------------- 72% | Mutant 27% | Hauler-Mutant Dominant Class ---------------- Mutant | -10/Materials Mutant | -10/Mines Hauler-Mutant | -10/Exiles Resources | -11 -10 -10 -10 ----------- Run | Scr Mat Min Exi Matter Collected 978 | 263 133 382 200 Remotely . | . . . . Salvage Created 363 | 42 133 184 4 Parts 32 | 6 14 12 . Haulers Intercepted 1 | . 1 . . Recyclers Shooed . | . . . . Parts Field Recycled . | . . . . Retrieved Matter . | . . . . Parts Self-Destructed . | . . . . Prevented . | . . . . Kills | -11 -10 -10 -10 ------- Run | Scr Mat Min Exi Combat Hostiles Destroyed 9 | . 3 3 3 Guns 7 | . 3 3 1 AOE 2 | . . . 2 Classes Destroyed 8 | 1 4 2 1 Worker 3 | . . 3 . Builder 1 | . 1 . . Tunneler 2 | 2 . . . Hauler 1 | . 1 . . Recycler 1 | . . 1 . Watcher 1 | . 1 . . Swarmer 6 | . 3 3 . Assembled 3 | . . . 3 Best Kill Streak 4 | 2 4 4 3 Combat Bots Only 3 | . 3 2 3 Max Kills in Single Turn 1 | 1 1 1 1 Gunslinging . | . . . . Exploded 1 | . . . 1 Melee . | . . . . Uniques/NPCs Destroyed . | . . . . Combat | -11 -10 -10 -10 -------- Run | Scr Mat Min Exi Damage Taken 1284 | . 31 42 1211 Core 268 | . 18 9 241 Absorbed by Shields . | . . . . Core Remaining (%) 100 | 100 . . . Volleys Fired 117 | 4 23 33 57 Largest 2 | 2 2 2 2 Hottest 100 | 40 100 100 40 Shots Fired 179 | 8 35 49 87 Gun 148 | 8 26 32 82 Cannon . | . . . . Launcher 5 | . . . 5 Special 26 | . 9 17 . Kinetic 148 | 8 26 32 82 Thermal 26 | . 9 17 . Explosive 5 | . . . 5 Electromagnetic . | . . . . Robot Hit Streak 9 | 3 9 5 9 Robot Miss Streak 7 | 2 7 3 2 Penetration Max . | . . . . Secondary Targets 2 | . . 2 . Max Gunslinging Chain 1 | . . 1 . Shots Hit Robots 93 | 5 13 16 59 Core Hits 33 | 3 8 9 13 Critical Kills . | . . . . Critical Parts Destroyed . | . . . . Critical Strikes 1 | . . . 1 Destroy 1 | . . . 1 Melee Attacks . | . . . . Impact . | . . . . Slashing . | . . . . Piercing . | . . . . Sneak Attacks . | . . . . Combat Hostiles . | . . . . Follow-up Attacks . | . . . . Damage Inflicted 1073 | 49 129 162 733 Guns 886 | 49 120 162 555 Cannons . | . . . . Explosions 178 | . . . 178 Melee . | . . . . Ramming 9 | . 9 . . Kinetic 886 | 49 120 162 555 Thermal . | . . . . Explosive 178 | . . . 178 Electromagnetic . | . . . . Impact . | . . . . Slashing . | . . . . Piercing . | . . . . Highest Corruption 1 | . 1 1 1 Average Corruption 1 | . 1 1 1 Corruption Purged . | . . . . Effects 10 | . 1 3 6 Message Errors 6 | . . 2 4 Energy Discharges 2 | . . 1 1 Data Loss (minor) 1 | . . . 1 Weapon Failures 1 | . 1 . . Overload Shots . | . . . . Overflow Damage 6 | . . . 6 Projectiles . | . . . . Explosions 6 | . . . 6 Melee . | . . . . Knockbacks . | . . . . Impact . | . . . . Kinetic . | . . . . Secondary . | . . . . Self-Inflicted Damage 19 | . . . 19 Shots 1 | . . . 1 Rammed 1 | . 1 . . Targets Rammed 1 | . 1 . . Kicked . | . . . . Crushed . | . . . . Highest Temperature 201 | . 128 201 . Average Temperature 51 | . 37 58 . Received Heat Transfer . | . . . . Siege Activations . | . . . . Robots Corrupted . | . . . . Combat Hostiles . | . . . . Parts Fried . | . . . . Impact Corruptions . | . . . . Robots Melted . | . . . . Combat Hostiles . | . . . . Parts Melted . | . . . . Heat Transferred . | . . . . Parts Sabotaged . | . . . . Parts Stolen . | . . . . Parts Stripped . | . . . . Power Chain Reactions . | . . . . Missiles Intercepted . | . . . . Alert | -11 -10 -10 -10 ------- Run | Scr Mat Min Exi Peak Influence 209 | 10 106 209 . Initial 40 | . 6 40 . Average 45 | 1 36 55 . Maximum Alert Level 1 | . . 1 . Low Security (%) 98 | 100 100 97 . Level 1 1 | . . 2 . Level 2 . | . . . . Level 3 . | . . . . Level 4 . | . . . . Level 5 . | . . . . High Security . | . . . . Max Security . | . . . . Squads Dispatched 2 | . 1 1 . Investigation 1 | . 1 . . Extermination . | . . . . Reinforcement . | . . . . Assault 1 | . . 1 . Garrison . | . . . . Intercept . | . . . . Construction Impeded . | . . . . Haulers Reinforced . | . . . . Active Scanning Responses . | . . . . Cargo Convoy Interrupts . | . . . . Stealth | -11 -10 -10 -10 --------- Run | Scr Mat Min Exi Distress Signals . | . . . . Communications Jammed . | . . . . Distress Signals . | . . . . Times Spotted 19 | . 6 6 7 Peak Tracking Total 9 | . 4 3 9 Tactical Retreats 1 | . . 1 . Traps | -11 -10 -10 -10 ------- Run | Scr Mat Min Exi Traps Triggered 2 | . 2 . . Indirectly . | . . . . Trap Hack Attempts . | . . . . Triggered . | . . . . Disarmed . | . . . . Reprogrammed . | . . . . Reused . | . . . . Traps Extracted . | . . . . Installed . | . . . . Triggered . | . . . . Exploded 3 | . . . 3 Machines | -11 -10 -10 -10 ---------- Run | Scr Mat Min Exi Machines Disabled 4 | . . . 4 Max in Single Turn 1 | . . . 1 Machines Sabotaged . | . . . . Garrisons Compromised . | . . . . Overloaded Fab Kills . | . . . . Fab Network Shutdowns . | . . . . Hacking | -11 -10 -10 -10 --------- Run | Scr Mat Min Exi Machines Accessed 7 | . 4 1 2 Terminals 5 | . 4 1 . Fabricators . | . . . . Repair Stations . | . . . . Recycling Units . | . . . . Scanalyzers . | . . . . Garrison Access . | . . . . Total Hacks 12 | . 7 3 2 Successful 6 | . 3 1 2 Failed 5 | . 4 1 . Catastrophic 1 | . 1 . . Database Lockouts 1 | . . 1 . Manual 8 | . 4 3 1 Terminals 10 | . 7 3 . Fabricators . | . . . . Repair Stations . | . . . . Recycling Units . | . . . . Scanalyzers . | . . . . Garrison Access . | . . . . Terminal Hacks 6 | . 3 1 2 Record 1 | . . . 1 Robot Analysis 2 | . 2 . . Prototype ID Bank 2 | . 1 1 . EX-Prototype ID Bank 1 | . . . 1 Fabricator Hacks . | . . . . Repair Station Hacks . | . . . . Recycling Unit Hacks . | . . . . Scanalyzer . | . . . . Garrison Access Hacks . | . . . . Unauthorized Hacks . | . . . . Terminals . | . . . . Fabricators . | . . . . Repair Stations . | . . . . Recycling Units . | . . . . Scanalyzers . | . . . . Garrison Access . | . . . . Data Cores Recovered . | . . . . Used . | . . . . Hacking Detections 5 | . 4 1 . Full Trace Events . | . . . . Feedback Events . | . . . . Feedback Blocked . | . . . . Robot Schematics Acquired . | . . . . Robots Built . | . . . . Matter . | . . . . Time . | . . . . Total Robot Build Rating . | . . . . Part Schematics Acquired . | . . . . Parts Built . | . . . . Matter . | . . . . Time . | . . . . Total Part Build Rating . | . . . . Parts Repaired . | . . . . Time . | . . . . Parts Recycled . | . . . . Recycled Matter . | . . . . Retrieved Matter . | . . . . Retrieved Components . | . . . . Parts Scanalyzed . | . . . . Part Schematics Acquired . | . . . . Parts Damaged . | . . . . Bothacking | -11 -10 -10 -10 ------------ Run | Scr Mat Min Exi Used RIF Installer . | . . . . Robots Hacked . | . . . . Non-combat . | . . . . Combat . | . . . . Robot Hacks Applied . | . . . . Relay Couplers Released . | . . . . Robots Rewired . | . . . . Allies Hacked . | . . . . Hacks Repelled . | . . . . Allies | -11 -10 -10 -10 -------- Run | Scr Mat Min Exi Total Allies 3 | . . 3 . Largest Group 3 | . . 3 1 Highest-Rated Group 69 | . . 69 31 Highest-Rated Ally 31 | . . 31 31 Total Orders . | . . . . Ally Attacks 16 | . . 16 . Total Damage 233 | . . 233 . Kills 5 | . . 5 . Allies Corrupted . | . . . . Allies Melted . | . . . . Intel | -11 -10 -10 -10 ------- Run | Scr Mat Min Exi Robot Analysis Total 2 | . 2 . . Derelict Logs Recovered 2 | . . 2 . Drone Launches . | . . . . Drone Recoveries . | . . . . Exploration | -11 -10 -10 -10 ------------- Run | Scr Mat Min Exi Turns Passed 2602 | 70 582 796 1154 Spaces Moved 1821 | 57 447 639 678 Core 7 | 7 . . . Treads 17 | . 7 10 . Legs . | . . . . Wheels 1797 | 50 440 629 678 Hover . | . . . . Flight . | . . . . Fastest Speed 50 | 50 80 95 95 Average Speed 110 | 78 88 97 140 Slowest Speed 260 | 100 160 260 230 Overloaded Moves . | . . . . Propulsion Burnouts . | . . . . Robots Hopped . | . . . . Cave-ins Triggered . | . . . . Exploration Rate (%) 60 | 4 67 99 70 Regions Visited 3 Branch Regions 2 Pre-discovered Areas 2 | . . 1 1 Known Exits Taken . | . . . . Unknown Exits Taken 3 | 1 1 1 . Scrap Searched 1 | . . 1 . Spaces Dug 5 | . 5 . . Terrain Destroyed 26 | . 9 3 14 Melee . | . . . . Projectile 12 | . 9 3 . AOE 14 | . . . 14 Terrain Rammed . | . . . . Walls Destroyed . | . . . . Machines Disabled . | . . . . Actions | -11 -10 -10 -10 --------- Run | Scr Mat Min Exi Total 2182 | 72 576 729 805 Wait 168 | . 85 51 32 Move 1818 | 56 446 638 678 Hop . | . . . . Pick Up 31 | 6 5 2 18 Fast Attach 7 | 6 1 . . Attach 7 | . 1 . 6 Detach 1 | . 1 . . Swap 22 | . 12 5 5 Drop 10 | . 1 . 9 Fire 117 | 4 23 33 57 Melee . | . . . . Ram . | . . . . Kick . | . . . . Crush 1 | . 1 . . Escape Stasis . | . . . . Rewire . | . . . . Trap . | . . . . Miscellaneous . | . . . . Route ------- -11/Scrapyard -10/Materials (discovered 5 exits: [*Mat x3] / *Min x2) -10/Mines (discovered 3 exits: [*Mat x2] / *Exi) -10/Exiles (discovered 1 exit: [*Min]) History --------- Turn | Location | Event 14 | -11/Scrapyard | Discovered new exit (range 16) 71 | -11/Scrapyard | Entered Materials 223 | -10/Materials | Discovered new exit (range 8) 254 | -10/Materials | Discovered new exit (range 5) 312 | -10/Materials | Build established: Mutant 375 | -10/Materials | Discovered new exit (range 15) 409 | -10/Materials | Discovered new exit (range 10) 499 | -10/Materials | Discovered new exit (range 15) 653 | -10/Materials | Entered Mines 702 | -10/Mines | Learned location of Zion (-7) 822 | -10/Mines | Learned 2 Materials zone layouts 827 | -10/Mines | Discovered new exit (range 7) 835 | -10/Mines | Central database locked down 865 | -10/Mines | Deemed a non-threat by the Exiles lab entrance 866 | -10/Mines | Discovered new exit (range 5) 1090 | -10/Mines | Discovered new exit (range 16) 1095 | -10/Mines | Met a Derelict testing a Signal Generator 1106 | -10/Mines | Found Signal Generator 1254 | -10/Mines | Excavation squad dispatched 1254 | -10/Mines | A large section of the Mines collapsed 1449 | -10/Mines | Entered Exiles 1449 | -10/Exiles | Accompanied by 1 ally 1471 | -10/Exiles | Met 8R-AWN 1479 | -10/Exiles | Led the pair of lost Derelicts to a safe place 1488 | -10/Exiles | Met EX-HEX 1518 | -10/Exiles | Met EX-BIN 1528 | -10/Exiles | Aligned with FarCom system 1529 | -10/Exiles | Given EX-Vault access code 1552 | -10/Exiles | Opened EX-Vault 1575 | -10/Exiles | Warned to stay clear of 0b10 Research branches 1642 | -10/Exiles | Met EX-DEC 1767 | -10/Exiles | Found AWS/Thermal 1846 | -10/Exiles | Discovered new exit (range 14) 2186 | -10/Exiles | Build established: Hauler-Mutant 2392 | -10/Exiles | Attacked by the Exiles 2528 | -10/Exiles | Core integrity fell below 50% 2591 | -10/Exiles | Core integrity fell below 20% 2603 | -10/Exiles | Destroyed by 8R-AWN with 8R-AWN's Boregun Last Messages --------------- 02540_ HV Slug penetrates Wall. 02540_ Penetrated by HV Slug. 02545_ Critical hit (Destroy). 02545_ Assault Rifle destroyed. 02545_ Penetrated by HV Slug. 02562_ Critical hit (Destroy). 02562_ Lgt. Assault Rifle destroyed. 02564_ Destroyed Prototype Protection. 02565_ HV Slug penetrates Wall. 02565_ Penetrated by HV Slug. 02566_ Wall collapses. 02569_ Penetrated by HV Slug. 02573_ Critical hit (Destroy). 02573_ Ion Engine destroyed. 02578_ Penetrated by HV Slug. 02578_ Critical hit (Destroy). 02578_ Lgt. Treads destroyed. 02578_ Penetrated by HV Slug. 02582_ HV Slug penetrates Wall. 02586_ Penetrated by HV Slug. Map ----- +----------------------------------------------------+ | ?????????????????????????????????????????????????? | | ?????????????????????????????????????????????????? | | ?????????????????????????????????????????????????? | | ?????????????????????????????????????????????????? | | ????????????????####?????????????????????????????? | | ???????????????## ##???????????????????????????? | | ???????????????# #???????????????????????????? | | ???????????????# < #???????????????????????????? | | ???????????????# ###?????????????????????????? | | ???????????????# ??????????????????????????? | | ???????????????# #??????????????????????????? | | ????????????????# #??????????????????????????? | | ????????????????# ##?????????????????????????? | | ?????????????????#&[ #????????????#######??????? | | ?????????????? ??# [ #######??????#!!! "#??????? | | ??????????????? ?# #""##?????# "#??????? | | ???????????????? ## #?????# "#??????? | | ????????????????# ##" ##???## ""#??????? | | ?????????????????#;"" #####" ""#??????? | | ??????????????????#;## ##" ""#??????? | | ???????????????????# ## #"" #????????? | | ????????????????????# #"## #????????? | | ?????????????????????#;###### #####????? | | ??????????????????????# #???### #????? | | ??????????????????????##;#####" % #????? | | ??????????????????????# !@ """" #???? | | ???????????????????# ; g ##### | | ???????????????????#### # ""# | | ??????????????????????# #### | | ??????????????????????# !""""""###???# % | | ??????????????????????##########?????#### | | ????????????????????????????????????????## | | ??????????????????????????????????????????### | | ????????????????????????????????????????????## | | ?????????????????????????????????????????????## | | ??????????????????????????????????????????????##" | | ???????????????????????????????????????????????#"" | | ??????????????????????????????????????????????##" | | ??????????????????????????????????????????????#"" | | ??????????????????????????????????????????????#""" | | ?????????????????????????????????????????????#""" | | ?????????????????????????????????????????????#""" | | ?????????????????????????????????????????????#"" | | ?????????????????????????????????????????????#""" | | ?????????????????????????????????????????????#"" | | ??????????????????????????????????????????????#"" | | ??????????????????????????????????????????????#""" | | ???????????????????????????????????????????????# | | ???????????????????????????????????????????????#" | | ???????????????????????????????????????????????#"" | +----------------------------------------------------+ Best States ------------- Heat Dissipation 25 Energy Generation 10 Energy Capacity 250 Matter Stores 300 Matter Capacity 300 Sight Range 16 Terrain Scan Density 10 Armor Coverage 150 Evasion (%) 44 Recoil Reduction 2 Item Schematics ----------------- None Robot Schematics ------------------ None Fabricated ------------ Nothing Alien Tech Used ----------------- None Achievements -------------- None Challenges ------------ None Game ------ Seed ChromaticArmorMantle Manual? 0 Play Time 00:24:43 Cumulative 421.2 hours Start 2021.09.23 @ 21:44:15 End 2021.09.23 @ 22:07:16 Sessions 1 Manual Loads 0 Difficulty Rogue Special Mode None Game No. 140 Rogue 136 Adventurer 4 Explorer 0 Win Type - Total 10 Types 5/1/3/0/0/0/0/1/0 Lore% 81 Gallery% 80 Achievement% 68 Wizard Run 0 Options --------- ASCII 1 Keyboard 0 Movement Arrows Keybinds 0 Fullscreen 1 Font 18/Terminus Map View 76x50 Tactical HUD 1 Map Filters NONE Filters NONE Steam 1 RUN: 701f7a7a-26af-4144-a8d4-9a3ca408074c